Map: Ruins of Seras

Players

State

  • Race: Protoss Protoss
  • League: Grandmaster

고니 - Winner!

  • Race: Zerg Zerg
  • League: Grandmaster

VOD

Have the link to the VOD?

Description

Time

  • Played on: Dec. 27, 2015, 8:48 p.m.
  • Length: 14:55
Show
View Real Time Build Order
Export as new Build Order

State Protoss 

Build Orders: 1 Gate Expand, Phoenix Opening 

Get SALT Encoding   

  12  0:01  Probe (Chrono Boost)  
  13  0:11  Probe (Chrono Boost)  
  14  0:19  Pylon  
  14  0:23  Probe (Chrono Boost)  
  15  0:37  Probe (Chrono Boost)  
  15  0:38  Gateway  
  16  0:43  Assimilator  
  16  0:47  Probe (Chrono Boost)  
  17  0:58  Probe (Chrono Boost)  
  18  1:09  Probe (Chrono Boost)  
  19  1:23  Probe (Chrono Boost)  
  20  1:28  Nexus  
  20  1:37  Cybernetics Core  
  20  1:39  Cybernetics Core  
  20  1:41  Cybernetics Core  
  20  1:43  Probe (Chrono Boost)  
  21  1:54  Probe (Chrono Boost), Assimilator  
  22  2:00  Pylon  
  22  2:04  Probe (Chrono Boost)  
  23  2:18  Probe (Chrono Boost)  
  23  2:20  Adept, Warp Gate  
  26  2:31  Probe (Chrono Boost)  
  27  2:42  Stargate  
  27  2:43  Probe (Chrono Boost)  
  27  2:44  Probe (Chrono Boost)  
  29  2:47  Adept  
  31  2:54  Probe x2 (Chrono Boost)  
  33  2:59  Pylon  
  33  3:04  Probe (Chrono Boost)  
  33  3:05  Mothership Core (Chrono Boost)  
  36  3:14  Adept  
  36  3:15  Probe (Chrono Boost)  
  39  3:22  Probe (Chrono Boost)  
  39  3:25  Probe (Chrono Boost)  
  39  3:26  Phoenix (Chrono Boost)  
  43  3:32  Probe  
  44  3:37  Probe  
  44  3:38  Gateway  
  44  3:41  Gateway  
  45  3:43  Probe  
  45  3:48  Pylon  
  46  3:49  Probe  
  46  3:55  Probe, Phoenix (Chrono Boost)  
  49  4:01  Probe  
  51  4:15  Nexus  
  51  4:19  Phoenix (Chrono Boost)  
  51  4:20  Probe  
  54  4:25  Probe  
  54  4:30  Pylon  
  55  4:32  Probe, Pylon  
  55  4:35  Probe  
  55  4:37  Assimilator  
  57  4:41  Assimilator  
  57  4:44  Probe  
  57  4:45  Phoenix (Chrono Boost)  
  60  4:52  Sentry, Adept x2  
  64  4:53  Probe  
  64  4:56  Probe  
  68  5:03  Probe  
  69  5:08  Probe  
  69  5:14  Probe  
  68  5:18  Pylon  
  68  5:19  Pylon  
  67  5:25  Probe  
  65  5:32  Probe x2  
  65  5:33  Forge  
  65  5:34  Twilight Council  
  67  5:42  Probe  
  67  5:43  Probe  
  67  5:46  Phoenix (Chrono Boost)  
  67  5:47  Probe  
  72  5:53  Probe  
  72  5:55  Probe  
  74  5:58  Probe  
  74  6:00  Pylon  
  74  6:02  Pylon  
  74  6:03  Probe  
  75  6:07  Probe  
  75  6:08  Probe  
  78  6:13  Pylon  
  78  6:14  Probe  
  78  6:17  Zealot  
  81  6:19  Probe x2  
  81  6:20  Charge  
  81  6:23  Adept x2  
  81  6:25  Protoss Ground Weapons Level 1 (Chrono Boost)  
  85  6:31  Probe  
  85  6:32  Probe  
  86  6:35  Probe  
  81  6:41  Adept  
  81  6:43  Probe  
  81  6:44  Probe  
  83  6:47  Probe, Pylon, Robotics Facility  
  83  6:51  Phoenix  
  84  6:56  Probe x2  
  88  7:07  Probe  
  88  7:08  Probe x2  
  90  7:13  Zealot x3  
  90  7:15  Phoenix  
  97  7:17  Assimilator  
  97  7:19  Assimilator  
  97  7:23  Gateway x2  
  97  7:24  Gateway  
  97  7:25  Templar Archives  
  97  7:34  Warp Prism (Chrono Boost)  
  99  7:40  Zealot x3  
  99  7:42  Photon Cannon  
  105  7:44  Photon Cannon  
  105  7:49  Nexus  
  105  7:58  Probe x2, Phoenix  
  107  7:59  Protoss Ground Weapons Level 2  
  107  8:03  Psionic Storm  
  107  8:04  Protoss Air Weapons Level 1  
  109  8:06  Blink  
  109  8:08  Immortal (Chrono Boost)  
  109  8:10  Probe  
  114  8:13  Pylon  
  114  8:14  Pylon  
  117  8:29  Gateway x2  
  117  8:32  Gateway  
  114  8:34  Gateway  
  114  8:37  Pylon  
  114  8:38  Pylon  
  114  8:40  Zealot x2  
  118  8:43  Zealot  
  118  8:44  Zealot  
  118  8:49  Observer (Chrono Boost)  
  118  8:52  Probe x2  
  117  9:01  Zealot x4  
  117  9:02  Probe  
  119  9:04  Probe  
  119  9:09  Zealot x2  
  121  9:10  Probe x2  
  121  9:14  Robotics Facility  
  115  9:17  Robotics Facility  
  115  9:18  Robotics Facility  
  107  9:25  Zealot  
  107  9:29  Zealot x5  
  97  9:33  Photon Cannon  
  97  9:34  Probe  
  97  9:35  Probe x2  
  97  9:37  Gateway  
  100  9:38  Gateway  
  100  9:39  Zealot  
  100  9:40  Zealot x3  
  108  9:47  Immortal (Chrono Boost)  
  110  9:54  Assimilator  
  110  9:55  High Templar x2, Assimilator  
  110  9:56  High Templar x3  
  110  9:57  High Templar  
  122  10:03  High Templar x4  
  130  10:07  Archon x2  
  130  10:12  Protoss Ground Weapons Level 3  
  130  10:17  Photon Cannon  
  130  10:18  Immortal x2 (Chrono Boost)  
  137  10:23  Immortal (Chrono Boost)  
  141  10:31  Probe  
  142  10:42  Gateway x2  
  142  10:43  Zealot x3  
  142  10:44  Zealot  
  142  10:46  Gateway  
  144  11:04  Stalker x10  
  164  11:20  Pylon  
  164  11:21  Pylon  
  164  11:22  Pylon  
  164  11:24  Pylon  
  164  11:27  Warp Prism (Chrono Boost)  
  164  11:33  Warp Prism (Chrono Boost)  
  164  11:37  Archon  
  134  11:40  Immortal (Chrono Boost)  
  134  11:43  Zealot x4  
  134  11:44  Zealot x5  
  148  11:54  High Templar  
  148  11:55  High Templar x2  
  162  12:08  Immortal x2 (Chrono Boost)  
  162  12:09  High Templar  
  162  12:15  Immortal (Chrono Boost)  
  168  12:35  Protoss Shields Level 1  
  168  12:38  Nexus  
  168  12:39  Zealot x4  
  168  12:40  Pylon  
  168  12:42  Stalker x6, Pylon  
  168  12:43  High Templar x2  
  192  12:47  Archon  
  190  13:19  Immortal x3 (Chrono Boost)  
  148  13:22  Zealot  
  148  13:23  Zealot x4  
  138  13:28  High Templar x2  
  120  13:35  High Templar x2  
  120  13:36  High Templar x4  
  120  13:37  High Templar x4  
  120  13:39  Photon Cannon  
  120  13:40  Gateway  
  138  13:42  Gateway x2  
  138  13:47  Archon  
  138  13:48  Archon x3  
  138  13:49  Archon  
  138  13:58  Adept  
  138  13:59  Stalker x2  
  138  14:00  Stalker x2  
  145  14:07  Stalker  
  145  14:08  Stalker x4  
  145  14:09  Stalker x3, Probe  
  104  14:31  High Templar x2  
  97  14:33  Zealot x4  
  97  14:34  Zealot x3  
  89  14:39  Zealot x2  
  89  14:42  Archon  
  89  14:45  High Templar  
Show
View Real Time Build Order
Export as new Build Order

고니 Zerg - Winner!

Build Orders: 3 Hatch before Pool 

Get SALT Encoding   

  12  0:01  Drone  
  13  0:13  Overlord  
  13  0:18  Drone  
  14  0:31  Drone x2  
  14  0:35  Drone  
  17  0:46  Drone  
  18  0:58  Hatchery  
  18  1:00  Drone  
  18  1:21  Hatchery  
  18  1:24  Drone  
  18  1:27  Drone  
  18  1:30  Drone  
  20  1:38  Extractor  
  19  1:46  Spawning Pool  
  18  1:52  Drone x2  
  20  2:04  Drone  
  21  2:11  Drone  
  21  2:13  Drone  
  23  2:23  Drone x2  
  25  2:33  Queen x2  
  25  2:36  Queen  
  31  2:39  Zergling x2  
  31  2:42  Drone  
  33  2:46  Metabolic Boost  
  33  2:50  Drone  
  34  2:55  Overlord  
  34  2:59  Overlord  
  34  3:14  Drone  
  34  3:15  Drone x6  
  34  3:17  Drone  
  34  3:19  Drone  
  43  3:24  Pneumatized Carapace  
  43  3:30  Evolution Chamber  
  41  3:34  Drone x3  
  44  3:43  Zergling x8  
  44  3:45  Overlord  
  44  3:48  Overlord  
  48  3:51  Overlord  
  48  3:56  Drone  
  48  3:58  Zerg Melee Weapons Level 1  
  48  4:02  Overlord  
  49  4:07  Spore Crawler  
  49  4:09  Spore Crawler  
  47  4:10  Drone x2, Spore Crawler  
  48  4:18  Drone x5  
  48  4:20  Drone  
  54  4:26  Drone x3  
  57  4:33  Drone x3  
  57  4:35  Extractor x2  
  58  4:41  Zergling x8  
  62  4:46  Lair, Extractor  
  62  4:47  Drone  
  62  4:48  Drone  
  62  4:51  Drone x2  
  62  4:52  Evolution Chamber  
  64  4:54  Drone x3  
  67  5:12  Drone x6  
  73  5:21  Overlord x4  
  73  5:22  Overlord x2  
  69  5:33  Extractor x2  
  66  5:39  Zergling x2  
  66  5:40  Zergling x16  
  75  5:43  Hatchery  
  75  5:46  Zerg Ground Armor Level 1  
  75  5:47  Hydralisk Den  
  75  5:49  Zergling x2  
  73  5:54  Drone x4  
  73  5:55  Drone  
  73  5:56  Drone  
  79  6:05  Drone x3  
  82  6:20  Spore Crawler  
  78  6:29  Drone  
  78  6:30  Drone x9  
  84  6:40  Muscular Augments  
  84  6:43  Zerg Missile Weapons Level 1  
  84  6:45  Hydralisk x4  
  89  6:48  Overlord x5  
  89  6:49  Overlord  
  89  6:51  Spore Crawler  
  89  6:52  Spore Crawler  
  83  6:55  Spore Crawler  
  80  7:03  Infestation Pit  
  72  7:19  Hydralisk  
  72  7:20  Hydralisk x9  
  92  7:23  Drone x2  
  94  7:37  Drone x4  
  94  7:38  Drone x6  
  94  7:43  Drone  
  105  7:45  Hive  
  105  7:50  Drone  
  105  7:51  Drone x3  
  109  7:53  Spore Crawler  
  106  8:03  Queen  
  108  8:06  Hatchery, Zerg Melee Weapons Level 2  
  108  8:12  Drone x4  
  111  8:13  Drone x3  
  114  8:20  Baneling Nest, Zergling x6  
  114  8:21  Zergling x2  
  114  8:22  Zergling x6  
  114  8:24  Zergling x4  
  114  8:25  Zergling x2  
  124  8:27  Zergling x6  
  124  8:30  Zergling x4  
  128  8:38  Overlord  
  128  9:00  Viper x3  
  131  9:04  Overlord x4  
  131  9:05  Overlord x2  
  131  9:07  Extractor x2  
  131  9:09  Ultralisk Cavern  
  120  9:18  Adrenal Glands  
  120  9:19  Zergling x2  
  120  9:20  Zergling x36  
  130  9:39  Drone  
  130  9:40  Drone x9, Spine Crawler  
  130  9:41  Spine Crawler  
  138  9:47  Zerg Ground Armor Level 2  
  138  9:52  Drone x4  
  142  9:53  Drone  
  143  10:01  Queen x2  
  143  10:02  Overlord x2  
  147  10:10  Chitinous Plating  
  145  10:24  Ultralisk x5  
  145  10:25  Ultralisk  
  181  10:37  Centrifical Hooks  
  181  10:47  Spine Crawler x2  
  179  10:58  Zergling x26  
  179  10:59  Zergling x14  
  179  11:03  Hatchery  
  179  11:04  Zerg Melee Weapons Level 3  
  198  11:06  Overseer x2  
  198  11:11  Spine Crawler  
  197  11:14  Spine Crawler  
  180  11:38  Ultralisk  
  180  11:39  Ultralisk x3  
  165  11:45  Zergling x30  
  165  11:46  Zergling x12  
  160  12:04  Baneling x11  
  160  12:05  Zergling x2, Baneling x11  
  160  12:06  Zergling x16  
  169  12:36  Hydralisk x8  
  169  12:37  Hydralisk, Zergling x2  
  171  12:38  Zergling x22  
  199  12:59  Overlord  
  169  13:20  Hydralisk, Zergling x16  
  169  13:21  Ultralisk  
  169  13:22  Ultralisk x2, Zergling x2  
  169  13:23  Zergling x14  
  197  13:31  Overseer x2  
  197  13:50  Baneling x9  
  197  13:53  Zergling x6  
  200  13:58  Hatchery  
  200  14:00  Baneling x6  
  200  14:01  Baneling x8  
  185  14:23  Zergling x2  
  185  14:24  Zergling x24  
Tags
 
Add a new tag
Caveats
  • Supply blocks, unpowered buildings, or Contaminate may cause inaccurate times.
  • Supply counts are checked every 10 seconds.